Map: Ujari

Players

BlackNova - Winner!

  • Race: Zerg Zerg
  • Spawn Location: 9:00

Kswiss - Winner!

  • Race: Protoss Protoss
  • League: Silver
  • Spawn Location: 0:00

Metasapien - Winner!

  • Race: Zerg Zerg
  • League: Platinum
  • Spawn Location: 9:00

XADOSX

  • Race: Zerg Zerg
  • League: Gold
  • Spawn Location: 3:00

Kamilozan

  • Race: Protoss Protoss
  • Spawn Location: 0:00

BigDaddy

  • Race: Zerg Zerg
  • League: Gold
  • Spawn Location: 3:00

VOD

Have the link to the VOD?

Description

Time

  • Played on: Sept. 22, 2017, 10:29 p.m.
  • Length: 16:15
Show
View Real Time Build Order
Export as new Build Order

BlackNova Zerg - Winner!

Build Orders: Pool First, Zergling Baneling 

Get SALT Encoding   

  12  0:01  Drone  
  13  0:13  Extractor  
  12  0:15  Overlord  
  12  0:21  Drone  
  13  0:25  Drone  
  14  0:44  Spawning Pool  
  13  0:50  Drone  
  14  1:00  Drone x2  
  16  1:32  Metabolic Boost  
  16  1:33  Zergling x2  
  16  1:34  Zergling x4  
  16  1:36  Queen  
  21  1:51  Zergling x2  
  22  1:55  Overlord  
  22  2:15  Zergling x2  
  23  2:20  Zergling x2  
  24  2:27  Zergling x2  
  25  2:41  Baneling Nest  
  24  2:55  Zergling x6, Hatchery  
  24  2:56  Zergling x2  
  25  3:11  Zergling x4  
  25  3:34  Zergling x2  
  25  3:35  Zergling x2  
  24  3:43  Zergling x2  
  20  3:52  Zergling x2  
  20  3:55  Baneling x4  
  21  4:07  Queen  
  23  4:10  Zergling x4  
  25  4:20  Zergling x4  
  27  4:35  Baneling x4  
  27  4:36  Baneling x2  
  27  4:44  Drone x2  
  28  5:12  Zergling x4  
  28  5:13  Zergling x8  
  33  5:25  Zergling x4  
  35  5:29  Overlord  
  35  5:37  Overlord  
  30  6:00  Zergling x8  
  30  6:01  Zergling x4  
  36  6:13  Lair  
  36  6:26  Drone x3  
  39  6:33  Extractor  
  38  7:05  Baneling x2  
  38  7:06  Baneling  
  38  7:17  Spore Crawler  
  38  7:20  Drone x2, Spore Crawler  
  38  7:21  Drone  
  39  7:34  Drone x2  
  39  7:35  Drone  
  42  7:53  Drone x2  
  42  7:54  Drone x2  
  42  7:55  Drone  
  47  8:03  Extractor  
  47  8:04  Extractor  
  45  8:14  Pneumatized Carapace  
  45  8:20  Spore Crawler  
  45  8:23  Spore Crawler  
  23  8:41  Overlord  
  23  8:45  Drone x2  
  23  8:46  Drone  
  23  8:47  Drone x3  
  21  8:53  Zergling x2  
  22  9:06  Overlord  
  22  9:15  Burrow  
  22  9:39  Overlord  
  22  9:42  Zergling x6  
  22  9:43  Zergling x2  
  26  9:51  Drone  
  27  10:12  Drone x2  
  29  10:17  Drone  
  30  10:26  Queen  
  32  10:28  Drone  
  32  10:30  Drone  
  34  10:40  Drone  
  35  11:01  Overlord  
  35  11:02  Drone  
  36  11:12  Infestation Pit  
  35  11:18  Queen  
  37  11:27  Drone  
  37  11:28  Drone x2  
  40  11:40  Drone x4  
  40  11:41  Spore Crawler  
  40  11:42  Overlord, Spore Crawler  
  42  11:51  Pathogen Glands  
  39  12:33  Infestor x5  
  39  12:35  Overlord  
  49  12:37  Overlord, Drone x2  
  49  12:38  Drone  
  52  13:01  Zergling x4  
  52  13:05  Infestor  
  54  13:06  Zergling x8  
  60  13:12  Hatchery  
  59  13:21  Infestor x2  
  63  13:35  Zergling x6  
  65  13:55  Overlord, Zergling x6  
  67  13:56  Overlord x2  
  67  13:58  Overlord  
  68  14:12  Hive  
  68  14:15  Spire  
  67  14:19  Zergling x4  
  67  14:20  Zergling x6  
  72  15:13  Overlord x3  
  72  15:14  Overlord x4  
  72  15:20  Zergling x4  
  74  15:29  Overlord, Zergling x4  
  74  15:30  Zergling x4  
  74  15:31  Queen  
  75  15:43  Extractor  
  75  15:47  Extractor  
  65  15:54  Zergling x6  
  65  15:55  Zergling x10  
Show
View Real Time Build Order
Export as new Build Order

Kswiss Protoss - Winner!

Build Orders:  

Get SALT Encoding   

  12  0:03  Probe (Chrono Boost)  
  13  0:14  Probe (Chrono Boost)  
  14  0:20  Pylon  
  14  0:24  Probe (Chrono Boost)  
  15  0:39  Probe (Chrono Boost)  
  16  0:47  Gateway  
  16  0:49  Probe (Chrono Boost)  
  17  0:57  Forge  
  17  1:03  Probe (Chrono Boost), Assimilator  
  18  1:32  Pylon  
  18  1:34  Zealot (Chrono Boost)  
  20  1:50  Photon Cannon  
  20  1:56  Photon Cannon  
  20  1:58  Zealot (Chrono Boost)  
  9  2:46  Photon Cannon  
  2  3:36  Nexus  
  2  3:51  Probe  
  3  4:03  Probe  
  4  5:07  Probe  
  5  5:38  Probe  
  6  5:50  Probe  
  7  6:02  Probe x2  
  9  6:15  Probe  
  10  6:27  Probe  
  11  6:33  Probe  
  11  6:39  Probe  
  13  6:44  Probe  
  14  6:51  Probe  
  15  6:54  Probe  
  15  6:56  Assimilator  
  15  6:59  Assimilator  
  16  7:03  Probe  
  17  7:26  Pylon  
  17  7:35  Cybernetics Core  
  17  7:40  Pylon, Photon Cannon  
  17  8:03  Photon Cannon  
  17  8:08  Probe  
  18  8:18  Photon Cannon  
  18  8:20  Probe  
  19  8:27  Photon Cannon  
  19  8:34  Assimilator  
  19  8:53  Stargate  
  19  9:01  Stargate  
  19  9:16  Pylon  
  19  9:18  Pylon  
  19  9:20  Pylon  
  19  9:27  Stargate  
  19  9:29  Probe  
  20  9:41  Probe  
  21  9:53  Probe  
  21  9:55  Void Ray  
  26  10:05  Probe  
  27  10:13  Nexus  
  27  10:22  Pylon  
  27  10:24  Pylon  
  27  10:28  Void Ray  
  31  10:31  Phoenix  
  33  10:38  Protoss Air Weapons Level 1  
  33  10:53  Pylon  
  33  11:05  Void Ray  
  37  11:16  Phoenix  
  39  11:25  Probe  
  40  11:36  Probe x2  
  42  11:46  Probe  
  42  11:48  Probe  
  44  11:57  Probe  
  44  12:00  Probe  
  46  12:21  Photon Cannon  
  46  12:26  Photon Cannon  
  46  12:28  Photon Cannon  
  46  12:32  Photon Cannon  
  46  12:37  Assimilator  
  46  12:43  Phoenix x2  
  50  12:52  Assimilator  
  50  13:07  Protoss Air Armor Level 1  
  50  13:10  Protoss Shields Level 1  
  50  13:20  Pylon  
  50  13:25  Twilight Council  
  50  13:32  Fleet Beacon  
  42  14:24  Void Ray x2  
  42  14:25  Void Ray  
  54  15:00  Probe  
  55  15:08  Nexus  
  55  15:10  Probe  
  55  15:12  Probe  
  57  15:21  Probe  
  57  15:24  Probe  
  59  15:31  Probe  
  60  15:37  Mothership Core  
  60  15:42  Probe  
  62  15:45  Assimilator  
  67  15:58  Robotics Facility  
  67  16:01  Pylon  
  67  16:06  Stargate  
Show
View Real Time Build Order
Export as new Build Order

Metasapien Zerg - Winner!

Build Orders: Pool First 

Get SALT Encoding   

  12  0:01  Drone  
  13  0:22  Spawning Pool  
  13  0:27  Drone  
  13  0:30  Extractor  
  13  0:34  Drone  
  13  0:38  Drone  
  14  0:58  Overlord  
  14  1:18  Drone, Zergling x2  
  15  1:19  Drone  
  18  1:47  Drone x2  
  18  1:50  Hatchery  
  18  1:52  Metabolic Boost  
  18  1:55  Zergling x2  
  19  2:02  Drone  
  19  2:25  Zergling x4  
  21  2:37  Drone, Roach Warren  
  21  2:42  Queen  
  21  2:44  Overlord  
  21  3:00  Overlord  
  20  3:12  Zergling x4  
  22  3:21  Roach  
  22  3:25  Queen  
  22  3:26  Drone x2  
  28  3:28  Roach  
  28  3:41  Roach  
  28  3:42  Roach  
  28  3:43  Ravager  
  33  3:49  Roach  
  33  3:50  Roach  
  33  3:51  Ravager  
  38  4:12  Overlord x2  
  38  4:14  Roach x2  
  42  4:33  Drone x3  
  43  5:13  Overlord x2  
  43  5:14  Overlord  
  43  5:15  Drone x4  
  43  5:18  Lair  
  47  5:21  Drone, Extractor  
  47  5:23  Extractor  
  47  5:25  Drone x4  
  50  5:30  Roach  
  52  5:56  Roach x2  
  60  5:57  Roach x4  
  64  6:08  Overlord x2  
  64  6:19  Drone  
  64  6:20  Drone  
  66  6:30  Hydralisk Den, Drone x3  
  66  6:31  Drone  
  66  6:32  Drone x2  
  71  6:33  Drone x2  
  71  6:36  Extractor  
  72  6:44  Hatchery  
  71  6:58  Pneumatized Carapace  
  71  7:08  Hydralisk  
  71  7:09  Roach  
  71  7:12  Drone  
  71  7:13  Drone  
  77  7:18  Queen  
  79  7:28  Hydralisk x3  
  85  7:31  Hydralisk  
  87  7:41  Queen  
  89  7:54  Queen  
  89  7:55  Spore Crawler  
  89  7:56  Spore Crawler  
  89  7:58  Spore Crawler  
  88  8:00  Spore Crawler  
  88  8:03  Drone x4  
  88  8:04  Drone  
  92  8:08  Drone x3  
  92  8:09  Overlord x2  
  93  8:33  Drone  
  93  8:34  Drone x2  
  96  8:58  Hydralisk  
  96  8:59  Hydralisk x6  
  96  9:00  Hydralisk x5  
  120  9:19  Drone  
  120  9:20  Drone  
  112  9:25  Extractor  
  112  9:28  Extractor  
  112  9:29  Hydralisk x3  
  112  9:30  Hydralisk x3  
  122  9:45  Evolution Chamber  
  121  9:47  Drone  
  121  9:49  Evolution Chamber  
  121  9:50  Overlord x2  
  121  9:55  Overseer x2  
  121  9:58  Drone  
  121  9:59  Overlord  
  122  10:00  Overlord  
  122  10:09  Drone x3  
  125  10:19  Zerg Missile Weapons Level 1  
  125  10:20  Zerg Ground Armor Level 1  
  125  10:23  Drone  
  125  10:24  Drone x4  
  125  10:28  Drone x2  
  132  10:31  Glial Reconstitution  
  132  10:45  Hatchery  
  131  10:50  Overlord x3  
  131  10:56  Hydralisk  
  137  10:57  Roach x2  
  137  11:01  Infestation Pit  
  136  11:14  Hydralisk x3  
  136  11:15  Hydralisk x2  
  136  11:16  Hydralisk  
  148  11:24  Drone  
  148  11:25  Drone x2  
  151  11:26  Drone x3  
  151  11:27  Drone  
  155  11:35  Ravager x3  
  155  11:36  Ravager x2  
  155  11:39  Hydralisk x3  
  166  11:43  Burrow  
  166  11:49  Pathogen Glands  
  162  12:14  Drone x2  
  162  12:15  Queen x2  
  164  12:20  Zerg Missile Weapons Level 2  
  164  12:21  Zerg Ground Armor Level 2  
  168  12:27  Hydralisk x3  
  168  12:28  Hydralisk x3  
  168  12:29  Roach x2  
  184  12:31  Overlord  
  184  12:33  Overlord  
  184  12:36  Overlord  
  184  12:43  Overlord x2  
  184  12:44  Overlord  
  152  13:25  Roach x3, Hydralisk x6  
  152  13:26  Roach x6, Hydralisk x2  
  158  13:41  Hydralisk x2  
  158  13:42  Hydralisk x4  
  160  14:12  Zergling x2  
  160  14:13  Zergling x20  
  166  14:25  Drone  
  136  15:20  Hydralisk  
  136  15:21  Roach x3, Hydralisk x6  
  133  15:22  Hydralisk x2, Roach x6  
  156  15:42  Hydralisk  
  156  15:43  Roach x2, Hydralisk x2  
  156  15:44  Roach  
  156  15:49  Nydus Network  
  165  15:55  Extractor  
  164  16:03  Extractor  
Show
View Real Time Build Order
Export as new Build Order

XADOSX Zerg 

Build Orders: Pool First 

Get SALT Encoding   

  12  0:03  Drone  
  13  0:13  Drone  
  14  0:20  Extractor  
  13  0:21  Overlord  
  13  0:49  Drone x2  
  15  0:50  Spawning Pool  
  14  1:00  Drone  
  15  1:04  Drone  
  16  1:11  Extractor  
  16  1:12  Drone  
  16  1:22  Drone  
  17  1:40  Zergling x2  
  17  1:46  Queen  
  18  1:48  Zergling x2  
  21  2:11  Zergling x2  
  21  2:14  Overlord  
  22  2:24  Lair  
  22  2:36  Drone x2  
  24  2:39  Hatchery  
  21  3:04  Zergling x4  
  21  3:05  Zergling x6  
  25  3:10  Drone  
  23  4:22  Drone x3  
  26  4:29  Spire  
  25  4:34  Drone x4  
  27  4:50  Hatchery  
  26  5:01  Zergling x10  
  26  5:02  Zergling x4  
  33  5:14  Drone x2  
  33  5:18  Overlord  
  35  5:30  Overlord  
  35  5:33  Extractor  
  35  5:34  Extractor  
  26  5:59  Mutalisk  
  26  6:00  Mutalisk x4  
  26  6:02  Zergling x2  
  37  6:16  Mutalisk x2  
  41  6:20  Drone  
  41  6:24  Overlord  
  42  6:48  Mutalisk  
  42  6:49  Mutalisk x3  
  50  7:19  Overlord  
  50  7:20  Overlord x3  
  50  7:41  Drone x4  
  50  7:42  Drone x2  
  52  8:31  Mutalisk  
  52  8:32  Mutalisk x4  
  58  8:47  Mutalisk  
  53  9:23  Queen  
  49  9:24  Drone x4  
  49  9:25  Drone x5  
  58  9:36  Extractor  
  58  9:37  Drone x3  
  60  9:39  Extractor  
  60  9:40  Spore Crawler  
  58  9:57  Drone x4  
  58  9:59  Queen  
  64  10:04  Queen  
  64  10:06  Overlord x2  
  66  10:18  Drone x3  
  69  10:23  Drone  
  69  10:24  Drone x2  
  72  10:32  Zerg Flyer Weapons Level 1  
  72  11:00  Mutalisk  
  72  11:01  Drone x4  
  72  11:02  Drone x5  
  83  11:12  Spore Crawler  
  82  11:20  Drone x3  
  85  11:29  Spire  
  85  11:31  Drone x3  
  87  11:36  Infestation Pit  
  86  11:45  Overlord x2  
  80  12:22  Spore Crawler  
  79  12:23  Spore Crawler  
  79  12:27  Spore Crawler, Zerg Flyer Armor Level 1  
  77  12:30  Spore Crawler x2  
  77  12:31  Drone x4  
  77  12:32  Drone x6, Spore Crawler  
  77  12:33  Drone  
  85  12:43  Zerg Flyer Weapons Level 2  
  85  12:48  Mutalisk  
  85  12:49  Mutalisk x2  
  85  13:02  Mutalisk x3  
  85  13:03  Mutalisk  
  85  13:24  Drone x3  
  85  13:25  Drone x6  
  85  13:26  Drone  
  95  13:40  Spine Crawler x2  
  85  13:41  Spine Crawler  
  76  14:02  Mutalisk x2  
  76  14:03  Drone, Mutalisk x6  
  76  14:05  Mutalisk  
  93  14:16  Zergling x4  
  94  14:17  Zergling x10  
  94  14:21  Overlord  
Show
View Real Time Build Order
Export as new Build Order

Kamilozan Protoss 

Build Orders:  

Get SALT Encoding   

  12  0:02  Probe (Chrono Boost)  
  13  0:16  Pylon  
  13  0:24  Probe (Chrono Boost)  
  14  0:37  Probe (Chrono Boost), Forge  
  15  0:58  Pylon  
  15  1:02  Probe (Chrono Boost)  
  16  1:09  Gateway  
  16  1:22  Pylon  
  16  1:30  Photon Cannon  
  16  1:38  Assimilator  
  16  1:43  Photon Cannon  
  16  1:56  Probe (Chrono Boost)  
  17  2:07  Probe (Chrono Boost)  
  18  2:33  Photon Cannon  
  18  2:45  Zealot  
  18  2:46  Photon Cannon  
  18  2:49  Assimilator  
  20  2:54  Cybernetics Core  
  20  2:55  Gateway  
  20  3:12  Photon Cannon  
  22  3:20  Zealot  
  22  3:25  Pylon  
  22  3:44  Zealot  
  22  3:47  Zealot  
  26  3:50  Photon Cannon  
  26  3:52  Assimilator  
  25  4:22  Stalker x2  
  29  4:54  Stargate  
  29  4:58  Stargate  
  26  5:26  Mothership Core (Chrono Boost)  
  28  5:44  Probe (Chrono Boost)  
  28  5:45  Pylon  
  29  5:52  Void Ray  
  25  6:04  Pylon  
  25  6:09  Probe (Chrono Boost)  
  26  6:19  Void Ray  
  26  6:23  Probe (Chrono Boost)  
  31  6:34  Probe (Chrono Boost)  
  32  6:53  Probe (Chrono Boost)  
  33  7:04  Probe (Chrono Boost)  
  33  7:06  Protoss Air Weapons Level 1 (Chrono Boost)  
  34  7:12  Photon Cannon  
  34  7:18  Probe  
  35  7:40  Nexus  
  35  7:44  Assimilator  
  35  7:47  Pylon  
  35  8:06  Photon Cannon  
  35  8:09  Probe  
  36  8:28  Void Ray  
  40  8:54  Stalker x2  
  44  9:00  Probe  
  45  9:09  Warp Gate (Chrono Boost)  
  45  9:10  Probe  
  46  9:18  Gateway  
  46  9:21  Probe  
  47  9:31  Probe  
  48  9:42  Probe  
  49  9:46  Stargate  
  49  9:48  Void Ray  
  53  9:53  Probe  
  54  10:03  Probe  
  54  10:06  Protoss Ground Weapons Level 1  
  55  10:14  Probe  
  55  10:17  Cybernetics Core  
  56  10:24  Probe  
  56  10:25  Pylon  
  57  10:35  Probe  
  58  10:45  Probe  
  58  10:49  Protoss Air Armor Level 1 (Chrono Boost)  
  59  10:56  Probe  
  59  11:01  Photon Cannon  
  60  11:04  Assimilator  
  60  11:06  Probe  
  60  11:07  Void Ray  
  65  11:11  Void Ray  
  69  11:43  Stalker x2  
  73  12:00  Void Ray  
  77  12:06  Pylon  
  77  12:16  Pylon  
  77  12:24  Void Ray  
  77  12:27  Fleet Beacon  
  77  12:29  Pylon  
  81  12:36  Void Ray  
  85  12:38  Stalker  
  85  12:41  Sentry  
  79  13:26  Carrier (Chrono Boost)  
  89  13:32  Carrier (Chrono Boost)  
  67  13:40  Stalker x2  
  52  14:21  Stalker  
  54  14:29  Mothership Core (Chrono Boost)  
  43  15:07  Stargate  
  30  15:26  Gateway  
  26  15:28  Cybernetics Core  
  26  15:29  Stalker  
Show
View Real Time Build Order
Export as new Build Order

BigDaddy Zerg 

Build Orders: Pool First 

Get SALT Encoding   

  12  0:07  Drone  
  12  0:10  Drone  
  14  0:30  Spawning Pool  
  14  0:33  Extractor  
  12  0:58  Drone x2  
  12  0:59  Overlord  
  14  1:15  Overlord  
  13  2:01  Metabolic Boost  
  13  2:04  Queen  
  15  2:15  Hatchery  
  14  2:32  Zergling x6  
  17  2:41  Spine Crawler  
  16  2:45  Zergling x2  
  17  3:00  Zergling x2  
  17  3:05  Zergling x2  
  12  3:15  Zergling x6  
  6  3:28  Drone  
  5  3:49  Drone  
  5  3:50  Drone  
  7  4:06  Drone  
  7  4:07  Drone  
  9  4:10  Spine Crawler  
  8  4:29  Drone x2  
  8  4:45  Drone  
  9  5:12  Drone x3  
  12  5:21  Spine Crawler  
  11  5:26  Zergling x2  
  12  5:35  Zergling x2  
  13  5:46  Zergling x2  
  12  5:58  Zergling x2  
  12  5:59  Queen  
  15  6:08  Zergling x2  
  16  6:22  Zergling x2  
  17  6:30  Zergling x2  
  18  6:44  Zergling x2  
  19  7:18  Drone x6  
  24  7:36  Queen  
  26  7:39  Zergling x2  
  26  7:40  Spine Crawler  
  26  7:51  Drone x2  
  28  8:07  Extractor  
  27  8:27  Drone, Zergling x4  
  27  8:49  Lair  
  27  9:05  Drone x2  
  29  9:17  Hatchery  
  29  9:18  Hatchery  
  27  9:36  Drone x2  
  27  9:37  Overlord  
  27  9:38  Overlord x2  
  29  9:49  Overseer  
  29  9:56  Drone x2  
  31  10:05  Hydralisk Den  
  30  10:08  Evolution Chamber  
  29  10:20  Drone x2  
  31  10:34  Muscular Augments  
  31  10:36  Zerg Missile Weapons Level 1  
  31  10:59  Drone x6  
  37  11:08  Hydralisk  
  39  11:12  Drone x2  
  41  11:21  Hydralisk  
  43  11:29  Drone  
  43  11:30  Hydralisk  
  43  11:32  Hydralisk  
  48  11:42  Hydralisk x2  
  52  11:51  Spine Crawler  
  51  11:55  Hydralisk  
  51  11:56  Hydralisk  
  55  12:02  Hydralisk  
  55  12:06  Hydralisk  
  59  12:16  Hydralisk x2  
  59  12:21  Overlord  
  63  12:26  Drone  
  63  12:27  Drone  
  65  12:33  Overlord  
  65  12:51  Hydralisk x3  
  65  12:52  Hydralisk  
  55  13:32  Zerg Missile Weapons Level 2  
  53  13:36  Drone  
  53  13:37  Drone x8, Evolution Chamber  
  53  13:41  Spore Crawler  
  53  13:42  Spore Crawler  
  53  13:43  Spore Crawler  
  49  13:57  Drone x3  
  52  14:08  Hydralisk  
  52  14:09  Hydralisk x2  
  50  14:19  Hydralisk x2  
  50  14:22  Overlord  
  54  14:40  Hydralisk x2  
  54  15:10  Hydralisk  
  54  15:11  Hydralisk x8  
  60  15:22  Hydralisk  
  60  15:23  Hydralisk x2  
Tags
 
Add a new tag
Caveats
  • Supply blocks, unpowered buildings, or Contaminate may cause inaccurate times.
  • Supply counts are checked every 10 seconds.